[Event "Swiss Championship 2024"]
[Site "Flims"]
[Date "2024.07.18"]
[Round "6.2"]
[White "Fischer, Daniel"]
[Black "Georgiadis, Nico"]
[Result "0-1"]
[ECO "B51"]
[WhiteElo "2372"]
[BlackElo "2512"]
[Annotator "TA"]
[PlyCount "86"]
[EventDate "2024.07.10"]
[EventType "tourn"]
[EventCountry "SUI"]
[SourceTitle "playchess.com"]
[Source "ChessBase"]
[SourceQuality "1"]
[TimeControl "40/5400+30:1800+30"]

1. e4 c5 2. Nf3 d6 3. Bb5+ Nd7 4. O-O a6 5. Bd3 Ngf6 6. c3 {[%emt 0:00:38] B51: Sicilian: Moscow Variation (3 Bb5+) without 3...Bd7.} e5 7. Bc2 c4 8. d4 $146 ({Predecessor:} 8. Qe2 b5 9. a4 Bb7 10. axb5 axb5 11. Rxa8 Qxa8 12. Na3 Bxe4 13. Nxb5 Qb7 14. Bxe4 Qxe4 {0-1 Lahav,M (2178)-Greenfeld,A (2513) Netanya op 2019 (9)}) 8... cxd3 9. Qxd3 b5 10. Qe2 Bb7 11. Nbd2 (11. Rd1 $14) 11... Be7 $11 12. a4 O-O 13. Re1 Qb6 14. Nf1 Nc5 15. a5 Qc7 16. Ng3 h6 17. Bd2 Rfe8 18. b4 Ne6 19. Rac1 Nf4 20. Qf1 Bf8 21. Bb3 d5 22. exd5 $1 e4 23. Bxf4 Qxf4 24. Nd4 Nxd5 25. Nxb5 Rac8 26. Nd4 ({White should play} 26. Rcd1 $11 Re5 (26... Nxc3 $2 27. Nxc3 Rxc3 28. Ne2 $18) 27. Bxd5 Bxd5 28. Nd4 (28. Ne2 Qf6 $15)) 26... Nxc3 $15 (26... Rxc3 27. Nge2 Rxc1 28. Nxf4 Rxe1 29. Qxe1 $16 (29. Nxd5 $2 Rxf1+ 30. Kxf1 Rd8 $19)) 27. Nc2 (27. Rxc3 $15 Rxc3 28. Nde2) 27... Bd6 28. Re3 (28. Bc4 $17 {was necessary.}) 28... h5 29. Qe1 (29. Bc4 $142 Nd5 30. Bxd5 Bxd5 31. Qd1) 29... h4 $19 30. Nf1 Qf6 31. g3 h3 32. Nd2 Bb8 33. Nc4 {[%emt 0:01:43] [#]} Nb5 (33... Nd5 $1 $19 {[%cal Ob8a7] ...Ba7! is the strong threat.} 34. Qf1 Nxe3 35. N2xe3 Ba7) 34. Qf1 Qf5 ({Black should try} 34... Ba7 $17 {White must now prevent ...Red8.} 35. Nb6 Bxb6 36. axb6 Red8 (36... Qxb6 37. Rd1 $17)) 35. Rd1 Rcd8 36. Qe2 ({Better is} 36. Ree1 $15) 36... Qf6 $19 37. Re1 Bd5 38. Qh5 $2 (38. Nb6 Bxb3 39. Rxb3) 38... Ba7 $19 39. Qxh3 Bxe3 40. N2xe3 Nd4 41. Nxd5 Nf3+ ({Less strong is} 41... Rxd5 42. Bd1 $19) 42. Kf1 (42. Kh1 $142 Rxd5 43. Rd1) 42... Rxd5 $19 43. Rc1 g6 0-1

[Event "Swiss Championship 2024"]
[Site "Flims"]
[Date "2024.07.18"]
[Round "6.3"]
[White "Peng, Li Min"]
[Black "Klauser, Markus"]
[Result "1-0"]
[ECO "C54"]
[WhiteElo "2562"]
[BlackElo "2358"]
[Annotator "TA"]
[PlyCount "93"]
[EventDate "2024.07.10"]
[EventType "tourn"]
[EventCountry "SUI"]
[SourceTitle "playchess.com"]
[Source "ChessBase"]
[SourceQuality "1"]
[TimeControl "40/5400+30:1800+30"]

1. e4 e5 2. Nf3 Nc6 3. Bc4 Bc5 4. c3 Nf6 5. d4 exd4 6. b4 {[%emt 0:00:04] C54: Giuoco Piano: 4 c3 Nf6, main lines with 5 d4 and 5 d3.} Bb6 7. e5 d5 8. exf6 dxc4 9. Qe2+ Be6 10. b5 Na5 11. fxg7 Rg8 12. cxd4 Rxg7 (12... Bxd4 13. Nxd4 Qxd4 14. Bb2 $14) (12... Qd7 $1 $15 13. O-O O-O-O) 13. Nc3 $14 {[%emt 0:00:06] 13.0-0 injects fresh life into this line.} Bxd4 (13... Rxg2 14. Kf1 Bxd4 15. Kxg2 $16) 14. Bb2 $1 (14. Nxd4 Qxd4 15. Bb2 Rxg2 $15) 14... c5 (14... Rxg2 15. O-O-O c5 (15... Rxf2 $2 16. Rxd4 Rxe2 17. Rxd8+ Rxd8 18. Nxe2 $18) 16. bxc6 Rxf2 (16... Nxc6 $2 17. Nxd4 Qg5+ 18. Kb1 $18) 17. Rxd4 Rxe2 18. Rxd8+ Rxd8 19. c7 $16 (19. Nxe2 Nxc6 20. Nfd4 Nb4 $16)) ({Black should play} 14... Bf6 $14 15. Rd1 Qe7) 15. Rd1 $146 (15. O-O Qe7 $11) ({Predecessor:} 15. bxc6 Nxc6 16. O-O-O Rg4 17. g3 Rxg3 18. Nxd4 Rg2 19. Qe3 Nxd4 20. Rd3 Qg5 21. Rxd4 Qxe3+ 22. fxe3 {1-0 Campos Jimenez,A (2263)-Karthi,J (2120) Sunnyvale 1000 GM Thanksgiving IM1 2023 (4)}) 15... Rxg2 16. Ne4 c3 17. Nxd4 cxd4 18. Bxc3 dxc3 19. Rxd8+ Rxd8 {[%emt 0:00:06] [#]} 20. Qc2 $1 (20. Nxc3 $6 Nc4 $14) 20... Rd4 21. Nf6+ Ke7 22. Qxc3 Rc4 23. Qa3+ (23. Qxa5 $6 Kxf6 24. Ke2 Rc2+ 25. Ke3 Rcxf2 $11) 23... Kxf6 24. Qf3+ (24. Qxa5 $2 {too greedy.} Rc1+ 25. Ke2 Rxh1 $19) 24... Bf5 25. Qxg2 Be4 (25... Rc1+ $142 26. Kd2 Rc2+ 27. Kd1 Nc4) 26. Qg8 $1 $18 (26. f3 $2 Rc1+ 27. Kf2 Rc2+ 28. Kg1 Rxg2+ 29. Kxg2 Bd5 $19) 26... Bxh1 27. Qd8+ ({Not} 27. Qxh7 Re4+ 28. Kd2 Nc4+ 29. Kc3 Nd6 $17) 27... Ke6 (27... Kf5 $142) 28. Qxa5 $18 Bd5 29. Qxa7 Rb4 30. a4 Ke5 31. Kd2 Rb2+ 32. Kc3 Rb3+ 33. Kc2 Rb4 34. Qb8+ Ke4 35. Qg3 Rc4+ 36. Kb2 Rb4+ 37. Ka3 Rc4 38. Qe3+ Kf5 39. Qd3+ Ke5 40. Qxh7 b6 41. Qh8+ Ke4 42. h4 Kd3 43. h5 Rc3+ 44. Qxc3+ (44. Kb2 Rb3+ 45. Kc1 Rb4 46. Qh7+ Be4 47. Qxf7 Ke2 48. Qa2+ (48. Qe6 $2 Rb1#) 48... Kf1 $18) 44... Kxc3 45. h6 Be4 46. f3 Bd3 {[%emt 0:01:03] [#]} 47. a5 $1 1-0

[Event "Swiss Championship 2024"]
[Site "Flims"]
[Date "2024.07.18"]
[Round "6.4"]
[White "Stijve, Theo"]
[Black "Georgiadis, Ioannis"]
[Result "1/2-1/2"]
[ECO "C47"]
[WhiteElo "2328"]
[BlackElo "2483"]
[Annotator "TA"]
[PlyCount "66"]
[EventDate "2024.07.10"]
[EventType "tourn"]
[EventCountry "SUI"]
[SourceTitle "playchess.com"]
[Source "ChessBase"]
[SourceQuality "1"]
[TimeControl "40/5400+30:1800+30"]

1. e4 e5 2. Nf3 Nc6 3. d4 exd4 4. Nxd4 Nf6 5. Nc3 Bb4 6. Nxc6 bxc6 7. Bd3 O-O 8. O-O Re8 9. Re1 d6 10. h3 Nd7 11. Qh5 Ne5 12. Bf1 Qf6 13. f4 {[%emt 0:06:26] Dodges h6} Ng6 14. Qf3 Bb7 15. Bd2 Rab8 16. g3 d5 17. Bg2 dxe4 18. Rxe4 c5 19. Rxe8+ Rxe8 20. Qf2 Bxg2 21. Kxg2 Qf5 22. a3 Bxc3 23. Bxc3 h5 24. Rf1 Re4 25. Be5 c6 26. Bb8 {[%emt 0:04:37][%cal Of1d1] White is weak on the light squares} a5 (26... h4 $5 27. Rd1 hxg3 28. Kxg3 Kh7 $17) 27. c3 (27. Qf3 $11) 27... Ne7 28. Re1 Nd5 (28... Rxe1 {simplifies} 29. Qxe1 Qd5+ 30. Kh2 Nf5) 29. Qc2 $1 {[%emt 0:03:29] The position is equal.} Nxf4+ 30. Bxf4 Rxf4 31. Re8+ Kh7 32. Qxf5+ Rxf5 33. Rc8 f6 {[%emt 0:02:04] Weighted Error Value: White=0.15 (very precise) /Black=0.12 (very precise) .  Mistake:       	White=2     	---        Inaccurate:     	White=3     	Black=7      OK:         	White=11    	Black=8      Strong:       	White=1     	---} 1/2-1/2

[Event "Swiss Championship 2024"]
[Site "Flims"]
[Date "2024.07.18"]
[Round "6.5"]
[White "Wyss, Jonas"]
[Black "Kurmann, Oliver"]
[Result "1/2-1/2"]
[ECO "B33"]
[WhiteElo "2291"]
[BlackElo "2428"]
[Annotator "RC"]
[PlyCount "131"]
[EventDate "2024.07.10"]
[EventType "tourn"]
[EventCountry "SUI"]
[SourceTitle "playchess.com"]
[Source "ChessBase"]
[SourceQuality "1"]
[TimeControl "40/5400+30:1800+30"]

1. e4 c5 2. Nf3 e6 3. d4 cxd4 4. Nxd4 Nc6 5. Nc3 Nf6 6. Ndb5 d6 7. Bf4 e5 8. Bg5 a6 9. Na3 b5 10. Nab1 Be7 11. Bxf6 Bxf6 12. a4 b4 13. Nd5 Bg5 14. c3 a5 15. Bb5 Bd7 16. cxb4 axb4 17. O-O Rb8 18. Nd2 Bxd2 19. Qxd2 Nd4 20. Bxd7+ Qxd7 21. Qg5 f6 22. Qh5+ Qf7 23. Qxf7+ Kxf7 24. a5 Ra8 25. Nxb4 Rhb8 26. Ra4 Nb3 27. Nd5 Rxa5 28. Rxa5 Nxa5 29. b4 Nc6 30. Rb1 Nd4 31. f3 f5 32. Kf2 fxe4 33. fxe4 Nb5 34. Ra1 Nd4 35. Ra2 Nc6 36. Rb2 Nd4 37. Ke3 Nb5 38. Ra2 h5 39. Kd3 Nd4 40. Ra7+ Kg6 41. Ra6 Rf8 42. Rxd6+ Kh7 43. Ne3 Rb8 44. Kc4 Rc8+ 45. Kd5 Nc2 46. Nxc2 Rxc2 47. Kxe5 Rxg2 48. h4 g5 49. hxg5 Rxg5+ 50. Kf4 Rb5 51. Rd5 Rxb4 52. Rxh5+ Kg6 53. Rf5 Rb6 54. Ke5 Rb5+ 55. Ke6 Rb6+ 56. Ke7 Rb7+ 57. Kd6 Rb4 58. Re5 Kf6 59. Re6+ Kf7 60. Re7+ Kf8 61. Re5 Kf7 62. Rf5+ Kg6 63. Kd5 Rb5+ 64. Ke6 Rb6+ 65. Kd7 Rb7+ 66. Ke6 1/2-1/2

[Event "Swiss Championship 2024"]
[Site "Flims"]
[Date "2024.07.19"]
[Round "7.1"]
[White "Kurmann, Oliver"]
[Black "Bogner, Sebastian"]
[Result "0-1"]
[ECO "B67"]
[WhiteElo "2428"]
[BlackElo "2547"]
[Annotator "RC"]
[PlyCount "104"]
[EventDate "2024.07.10"]
[EventType "tourn"]
[EventCountry "SUI"]
[SourceTitle "playchess.com"]
[Source "ChessBase"]
[SourceQuality "1"]
[TimeControl "40/5400+30:1800+30"]

1. e4 c5 2. Nf3 d6 3. Nc3 Nc6 4. d4 cxd4 5. Nxd4 Nf6 6. Bg5 e6 7. Qd2 a6 8. O-O-O Bd7 9. f3 Nxd4 10. Qxd4 h6 11. Be3 Bc6 12. Kb1 d5 13. e5 Nd7 14. f4 Bc5 15. Qd2 Bxe3 16. Qxe3 g5 17. f5 Qb6 18. Qh3 O-O-O 19. fxe6 fxe6 20. Qxe6 Rhe8 21. Qg4 Kb8 22. e6 Nf6 23. Qf5 d4 24. Na4 Bxa4 25. Qxf6 Rxe6 26. Qf2 Rf6 27. Qe1 Re8 28. Qg3+ Qc7 29. Qxc7+ Kxc7 30. Bc4 Rf2 31. b3 Bc6 32. Rxd4 Re4 33. Rd3 Rxg2 34. h3 Ree2 35. Rc1 Rd2 36. Re3 Rh2 37. Bd3 Rdf2 38. Rce1 Rf6 39. Be2 Rff2 40. Bd3 Rf6 41. Be2 Kb6 42. Kb2 Rff2 43. Bd3 Bd7 44. Re6+ Bxe6 45. Rxe6+ Ka7 46. Rxh6 g4 47. h4 Rf7 48. h5 Rg7 49. Bc4 g3 50. Rg6 Rxg6 51. hxg6 Rh6 52. Bf7 Rxg6 0-1

[Event "Swiss Championship 2024"]
[Site "Flims"]
[Date "2024.07.19"]
[Round "7.2"]
[White "Georgiadis, Ioannis"]
[Black "Wyss, Jonas"]
[Result "1-0"]
[ECO "A16"]
[WhiteElo "2483"]
[BlackElo "2291"]
[Annotator "TA"]
[PlyCount "71"]
[EventDate "2024.07.10"]
[EventType "tourn"]
[EventCountry "SUI"]
[SourceTitle "playchess.com"]
[Source "ChessBase"]
[SourceQuality "1"]
[TimeControl "40/5400+30:1800+30"]

1. Nf3 Nf6 2. c4 g6 3. Nc3 d5 4. cxd5 Nxd5 5. h4 Bg7 6. e4 Nxc3 7. dxc3 Qxd1+ 8. Kxd1 {[%emt 0:00:02] White is slightly better.} Nd7 9. h5 Nf6 10. h6 Bf8 11. Bd3 Bg4 12. Kc2 Bxf3 13. gxf3 e5 {[%emt 0:00:35] Dodges Bf4} ({Black should try} 13... a5 $14) 14. Be3 ({Better is} 14. f4 $1 $16) 14... Nh5 {[%emt 0:10:16] [#]} 15. Rxh5 gxh5 $11 16. Rh1 Bd6 17. Rxh5 Ke7 (17... Rg8 {is more appropriate.}) 18. Rh1 (18. Bc4 $11) 18... Rhg8 19. Bf1 {[%emt 0:00:55] [#]} f5 $2 20. exf5 $16 {[%emt 0:00:34] Black is on the road to losing.} Kf6 21. Bd3 c5 (21... Rg2 $16) 22. Be4 $18 Rab8 23. Rd1 Rgd8 (23... Be7 $16 24. Rh1 (24. Rd7 Rgd8 $16) 24... b6) 24. a4 Be7 $2 (24... b6 {is a better defense.} 25. c4 Rbc8) 25. Rg1 Rg8 {[%emt 0:00:09] Repels Rg7} 26. Rg4 b6 $2 (26... Bd6 27. Bd5 Rxg4 28. fxg4 e4 29. Bxe4 Rg8) 27. Bd5 Rxg4 28. fxg4 {[%emt 0:00:06][%cal Bf3g4,Bg4g5,Bg5g6][%mdl 4128] Endgame. KRB-KB} e4 29. Bf4 Bd6 30. Bxd6 {[%emt 0:02:15] A strong pair of Bishops.} Rd8 {[%emt 0:00:01] [#]} 31. Bxe4 $1 {[%emt 0:00:22][%cal Of2f4] Black must now prevent f4!} Rxd6 32. f4 {[%emt 0:00:08] Strongly threatening g5+.} Rd8 33. g5+ Kf7 34. Bd3 {[%emt 0:00:48] And now Bc4+ would win.} Re8 35. Bc4+ Kf8 36. g6 {[%emt 0:00:13] Weighted Error Value: White=0.20 (precise) /Black=0.83.  Mistake:       	White=3     	Black=7      Inaccurate:     	White=2     	Black=1      OK:         	White=6     	Black=5      Best:        	White=3     	Black=1} 1-0

[Event "Swiss Championship 2024"]
[Site "Flims"]
[Date "2024.07.19"]
[Round "7.3"]
[White "Klauser, Markus"]
[Black "Stijve, Theo"]
[Result "0-1"]
[ECO "C60"]
[WhiteElo "2358"]
[BlackElo "2328"]
[Annotator "RC"]
[PlyCount "90"]
[EventDate "2024.07.10"]
[EventType "tourn"]
[EventCountry "SUI"]
[SourceTitle "playchess.com"]
[Source "ChessBase"]
[SourceQuality "1"]
[TimeControl "40/5400+30:1800+30"]

1. e4 e5 2. Nf3 Nc6 3. Bb5 Nge7 4. c3 d5 5. Qa4 a6 6. Bxc6+ Nxc6 7. d3 Qd6 8. Nbd2 Be7 9. O-O Be6 10. Re1 O-O-O 11. a3 g5 12. d4 f6 13. c4 g4 14. cxd5 gxf3 15. dxc6 exd4 16. cxb7+ Kxb7 17. Nxf3 Rhg8 18. Bd2 c5 19. Nh4 Qd7 20. Qxd7+ Rxd7 21. Nf5 c4 22. Nxe7 Rxe7 23. f3 Kc6 24. Rad1 Rb7 25. Bc1 Kc5 26. Kf2 h5 27. Re2 h4 28. Red2 d3 29. Ke3 Rbg7 30. Rg1 Rb7 31. b4+ Kb5 32. Bb2 f5 33. e5 Ka4 34. Bd4 Rbg7 35. Bc5 Bd7 36. Bd6 Rg6 37. Kf4 Bb5 38. Ke3 c3 39. Rxd3 Bxd3 40. Kxd3 Rxg2 41. Rxg2 Rxg2 42. Kxc3 Rxh2 43. e6 Re2 44. e7 h3 45. Kd4 Rxe7 0-1

[Event "Swiss Championship 2024"]
[Site "Flims"]
[Date "2024.07.19"]
[Round "7.4"]
[White "Georgiadis, Nico"]
[Black "Peng, Li Min"]
[Result "1/2-1/2"]
[ECO "C12"]
[WhiteElo "2512"]
[BlackElo "2562"]
[Annotator "TA"]
[PlyCount "49"]
[EventDate "2024.07.10"]
[EventType "tourn"]
[EventCountry "SUI"]
[SourceTitle "playchess.com"]
[Source "ChessBase"]
[SourceQuality "1"]
[TimeControl "40/5400+30:1800+30"]

1. e4 e6 2. d4 d5 3. Nc3 Nf6 4. Bg5 h6 5. Bxf6 Qxf6 6. exd5 Bb4 7. Bc4 O-O 8. Nge2 $1 exd5 9. Bxd5 Rd8 10. O-O Bxc3 $1 11. Nxc3 c6 {[%emt 0:00:09] [#]} (11... Nc6 $14) 12. Bb3 $1 $16 Rxd4 {[%emt 0:02:56] [#]} 13. Qe2 Be6 14. Bxe6 Qxe6 15. Qxe6 fxe6 16. Rfe1 Kf7 17. Rad1 Rxd1 18. Rxd1 $11 {[%emt 0:00:05][%mdl 4096] Endgame. KRN-KRN} Ke7 {[%emt 0:00:08] Dodges Rd8} 19. f3 Nd7 20. a4 Nf6 21. Kf2 Nd5 22. Ne4 Nf6 23. Nc3 Nd5 24. Ne4 Nf6 25. Nc3 {[%emt 0:00:05] Weighted Error Value: White=0.10 (very precise) /Black=0.05 (flawless) .  Mistake:       	---       	Black=1      Inaccurate:     	White=4     	---        OK:         	White=2     	Black=8      Best:        	---       	Black=3      Strong:       	White=2     	Black=1} 1/2-1/2

[Event "Swiss Championship 2024"]
[Site "Flims"]
[Date "2024.07.19"]
[Round "7.5"]
[White "Baenziger, Fabian"]
[Black "Fischer, Daniel"]
[Result "1-0"]
[ECO "A20"]
[WhiteElo "2410"]
[BlackElo "2372"]
[Annotator "RC"]
[PlyCount "85"]
[EventDate "2024.07.10"]
[EventType "tourn"]
[EventCountry "SUI"]
[SourceTitle "playchess.com"]
[Source "ChessBase"]
[SourceQuality "1"]
[TimeControl "40/5400+30:1800+30"]

1. c4 e5 2. g3 c6 3. Nf3 e4 4. Nd4 d5 5. cxd5 Qxd5 6. Nc2 Nf6 7. Nc3 Qe5 8. Bg2 Na6 9. O-O Be7 10. Ne3 O-O 11. a3 Rd8 12. b4 Nc7 13. Bb2 Ng4 14. Nxg4 Bxg4 15. Bxe4 Qh5 16. Bg2 a5 17. bxa5 Rxa5 18. Qb3 Nb5 19. Ne4 Bxe2 20. Rfe1 Rd3 21. Qc2 Nd4 22. Bxd4 Rxd4 23. Qb2 Rd7 24. d4 Bg4 25. Nc5 Rxc5 26. dxc5 Qxc5 27. Re5 Qd6 28. Rae1 Be6 29. Ra5 Bf8 30. Ra8 h6 31. Bf3 Qc5 32. Re5 Qd6 33. Re3 Qc5 34. h4 Qd6 35. Qb6 Rc7 36. Re1 Bc8 37. Re8 Qd7 38. Qe3 c5 39. Qe5 c4 40. Qxc7 Qxc7 41. Raxc8 Qd7 42. Rxf8+ Kh7 43. Rcd8 1-0

[Event "Swiss Championship 2024"]
[Site "Flims"]
[Date "2024.07.20"]
[Round "8.1"]
[White "Bogner, Sebastian"]
[Black "Fischer, Daniel"]
[Result "1-0"]
[ECO "A50"]
[WhiteElo "2547"]
[BlackElo "2372"]
[Annotator "RC"]
[PlyCount "91"]
[EventDate "2024.07.10"]
[EventType "tourn"]
[EventCountry "SUI"]
[SourceTitle "playchess.com"]
[Source "ChessBase"]
[SourceQuality "1"]
[TimeControl "40/5400+30:1800+30"]

1. d4 Nf6 2. c4 e6 3. Bf4 d5 4. cxd5 Nxd5 5. Bg3 c5 6. e4 Nf6 7. Nd2 cxd4 8. e5 Nd5 9. Ngf3 Nc6 10. Bd3 Be7 11. O-O O-O 12. Rc1 Bd7 13. a3 Rc8 14. Qe2 Re8 15. h4 f5 16. exf6 gxf6 17. Rfe1 Bf8 18. Nc4 Nb6 19. Qe4 f5 20. Qe2 Nxc4 21. Bxc4 Bg7 22. b4 a6 23. Bf4 b5 24. Bb3 Qf6 25. Rc5 h6 26. Be5 Qg6 27. Bxg7 Kxg7 28. Qd2 Qf6 29. Qf4 Kh7 30. Ne5 Nxe5 31. Rcxe5 Re7 32. Qxd4 Rg8 33. R1e3 Rg4 34. Qd6 Qxh4 35. Bxe6 Bxe6 36. Rxe6 Rxe6 37. Rxe6 Rg7 38. Qe5 Qg4 39. g3 f4 40. Qe4+ Rg6 41. Re7+ Kh8 42. Qd4+ Rg7 43. Re4 Kh7 44. Rxf4 Qe6 45. Rf6 Qe2 46. Qd5 1-0

[Event "Swiss Championship 2024"]
[Site "Flims"]
[Date "2024.07.20"]
[Round "8.2"]
[White "Peng, Li Min"]
[Black "Baenziger, Fabian"]
[Result "1-0"]
[ECO "D20"]
[WhiteElo "2562"]
[BlackElo "2410"]
[Annotator "RC"]
[PlyCount "109"]
[EventDate "2024.07.10"]
[EventType "tourn"]
[EventCountry "SUI"]
[SourceTitle "playchess.com"]
[Source "ChessBase"]
[SourceQuality "1"]
[TimeControl "40/5400+30:1800+30"]

1. d4 d5 2. c4 dxc4 3. e4 b5 4. a4 c6 5. axb5 cxb5 6. Nc3 Qb6 7. b3 e6 8. bxc4 Bb4 9. Bd2 bxc4 10. Bxc4 Ne7 11. Nf3 O-O 12. O-O a5 13. Re1 Nd7 14. Na4 Qd6 15. e5 Qb8 16. Ng5 Bxd2 17. Qxd2 h6 18. Ne4 Bb7 19. Bd3 Bxe4 20. Bxe4 Ra7 21. Re3 Qb4 22. Qd1 Nd5 23. Rg3 N7b6 24. Nc5 Nc3 25. Qg4 f5 26. exf6 Rxf6 27. Bd3 Qb2 28. Rf1 Re7 29. Ne4 Nxe4 30. Qxe4 Kf8 31. Qh7 Ref7 32. Bg6 Rxf2 33. Bxf7 Rxf1+ 34. Kxf1 Qc1+ 35. Ke2 Qb2+ 36. Kf3 Qc3+ 37. Kg4 Qxd4+ 38. Kh3 Kxf7 39. Qg6+ Ke7 40. Qxg7+ Qxg7 41. Rxg7+ Kd6 42. Ra7 Nc4 43. Ra6+ Kd5 44. g4 Ke5 45. Kh4 Kd5 46. Kg3 Ke5 47. h4 Kd5 48. Kf4 e5+ 49. Kg3 Kd4 50. Rxh6 e4 51. h5 e3 52. Re6 Ne5 53. h6 e2 54. Rxe5 Kxe5 55. Kf2 1-0

[Event "Swiss Championship 2024"]
[Site "Flims"]
[Date "2024.07.20"]
[Round "8.3"]
[White "Stijve, Theo"]
[Black "Georgiadis, Nico"]
[Result "1-0"]
[ECO "B51"]
[WhiteElo "2328"]
[BlackElo "2512"]
[Annotator "TA"]
[PlyCount "105"]
[EventDate "2024.07.10"]
[EventType "tourn"]
[EventCountry "SUI"]
[SourceTitle "playchess.com"]
[Source "ChessBase"]
[SourceQuality "1"]
[TimeControl "40/5400+30:1800+30"]

1. e4 c5 2. Nf3 d6 3. Bb5+ Nd7 4. d4 cxd4 5. Nxd4 Ngf6 6. O-O {[%emt 0:00:09] B51: Sicilian: Moscow Variation (3 Bb5+) without 3...Bd7.} a6 7. Bd3 Nc5 8. Nc3 e6 9. a4 Be7 10. Re1 Nxd3 11. cxd3 Bd7 $146 ({Predecessor:} 11... O-O 12. h3 h6 13. Be3 Bd7 14. a5 Qb8 15. Qf3 Qd8 16. Reb1 Rc8 17. Rc1 Re8 {½-½ Anokhin,Y (2429)-Ristea,T (2417) Champion's League 2021/B3 email}) 12. Be3 b6 13. f4 O-O 14. Qf3 Rc8 15. Rac1 e5 16. Nc2 exf4 17. Qxf4 b5 (17... Ng4 $11) 18. axb5 $14 axb5 19. Nb4 (19. h3 $1 $14) 19... Be6 20. Bd4 (20. Nxb5 $2 Qa5 21. Na7 (21. Nxd6 $2 Rxc1 22. Rxc1 Qxb4 $19) (21. Nc6 $2 Rxc6 22. Nd4 Rxc1 $19) 21... Rxc1 (21... Qxb4 $2 22. Nxc8 Bxc8 23. h3 $19) 22. Rxc1 Qxb4 $19) 20... Ng4 21. Ra1 (21. Nxb5 $5 Rxc1 (21... Bg5 22. Rxc8 Bxc8 23. Qxd6 $14) 22. Qxc1 $11 (22. Rxc1 $2 Bg5 $19)) 21... Bf6 (21... Bg5 {keeps more tension.} 22. Qf3 Bf6 23. Bxf6 Qb6+) 22. Bxf6 $1 Nxf6 (22... Qb6+ $11 {keeps the balance.} 23. Kf1 (23. d4 Nxf6 24. Qd2 Rc4 $17) 23... Nxf6 (23... gxf6 $2 24. Nbd5 $18)) 23. Ra6 $16 (23. Nxb5 $2 {loses.} Qb6+ 24. Qf2 Qxb5 $19) 23... Ne8 24. Nxb5 Qd7 25. Nxd6 Rd8 (25... Rb8 $142 26. Nc6 Rxb2) 26. e5 $16 Rb8 27. Qd4 Nc7 {[%emt 0:02:16] [#]} 28. Rb6 ({Better is} 28. Ra5 $1 $16) 28... Rxb6 (28... Qa4 $1 $14 29. Qf2 Na8 30. Rxb8 Rxb8) 29. Qxb6 $18 Nd5 (29... h6 $142 30. Ra1 Bd5) 30. Nxd5 $18 Bxd5 31. Qd4 Qe6 32. Nf5 Re8 33. b4 h5 34. Ng3 Rc8 (34... f6 $142 35. Nxh5 fxe5) 35. Ne2 ({White should try} 35. Nxh5 $18 {Nf4 is the strong threat.} Bb7 36. Nf4) 35... Rc2 36. Nf4 Qg4 37. Qxd5 Qxf4 38. Qa8+ Kh7 39. Qe4+ Qxe4 40. Rxe4 ({Reject} 40. dxe4 $6 Rb2 $11) 40... Rb2 41. Kf1 g5 42. h4 gxh4 (42... Kg6 {was called for.} 43. g3 gxh4 44. Rxh4 Kf5) 43. Rxh4 $18 Kg6 (43... Kg7 $142 44. Rxh5 Rxb4) 44. Rf4 $18 Kg7 45. g3 Kg6 46. Ke1 Rg2 (46... Kg7 {is a better defense.} 47. Kd1 Rg2) 47. b5 $18 Rxg3 48. Kd2 Rg2+ 49. Kc3 Rg1 50. Rb4 Kf5 51. b6 Rg8 52. b7 Rb8 53. Kd4 1-0

[Event "Swiss Championship 2024"]
[Site "Flims"]
[Date "2024.07.20"]
[Round "8.4"]
[White "Wyss, Jonas"]
[Black "Klauser, Markus"]
[Result "0-1"]
[ECO "B06"]
[WhiteElo "2291"]
[BlackElo "2358"]
[Annotator "ChessBase"]
[PlyCount "66"]
[EventDate "2024.07.10"]
[EventType "tourn"]
[EventCountry "SUI"]
[SourceTitle "playchess.com"]
[Source "ChessBase"]
[SourceQuality "1"]
[TimeControl "40/5400+30:1800+30"]

1. e4 g6 2. d4 Bg7 3. Nc3 d6 4. Be3 c6 5. f4 Nd7 6. Nf3 Ngf6 7. h3 b5 8. e5 Nh5 9. g4 Ng3 10. Rg1 Nxf1 11. Rxf1 Nb6 12. Nd2 b4 13. Nce4 a5 14. Qf3 O-O 15. O-O-O Nd5 16. Bf2 a4 17. Bg3 Qb6 18. Nb1 f5 19. gxf5 Bxf5 20. Rfe1 Rab8 21. exd6 a3 22. dxe7 axb2+ 23. Kd2 Rfe8 24. Bh4 Rb7 25. Nc5 Ra7 26. Re5 Bxe5 27. fxe5 Nxe7 28. Rg1 Qd8 29. Qb3+ Qd5 30. Qxd5+ Nxd5 31. Nd3 Rxa2 32. Rg3 Ra1 33. Rg1 Nc3 0-1

[Event "Swiss Championship 2024"]
[Site "Flims"]
[Date "2024.07.20"]
[Round "8.5"]
[White "Kurmann, Oliver"]
[Black "Georgiadis, Ioannis"]
[Result "1-0"]
[ECO "C50"]
[WhiteElo "2428"]
[BlackElo "2483"]
[Annotator "TA"]
[PlyCount "81"]
[EventDate "2024.07.10"]
[EventType "tourn"]
[EventCountry "SUI"]
[SourceTitle "playchess.com"]
[Source "ChessBase"]
[SourceQuality "1"]
[TimeControl "40/5400+30:1800+30"]

1. e4 e5 2. Nf3 Nc6 3. Bc4 Nf6 4. d3 Bc5 5. Nc3 a6 6. Nd5 h6 7. Be3 d6 8. a3 {[%emt 0:00:18] Die Stellung ist ausgeglichen.} Be6 9. c3 Bxe3 10. fxe3 O-O 11. O-O Bxd5 12. exd5 Ne7 13. e4 Ng6 14. Kh1 Qd7 15. Qd2 Nh5 16. Bb3 f5 17. exf5 Qxf5 18. g3 {[%emt 0:07:34] Wehrt Ngf4 ab} Qg4 19. Qg2 Ne7 $2 {[%emt 0:01:51] [#]} (19... Rae8 $11) 20. Nxe5 $1 $16 Qg5 {[%emt 0:06:17] [#]} (20... Nxg3+ $2 21. Qxg3 Qxg3 22. hxg3 $18) (20... Qc8 21. Nf3) 21. Nf3 Qg6 22. Qe2 (22. Nd4 $142) 22... Rae8 23. Nh4 {[%emt 0:03:59] Gegen Nf5 gerichtet.} (23. Qe6+ {vereinfacht} Kh8 24. Qxg6 Nxg6 25. Bc2) 23... Qg5 {[%emt 0:07:48] Droht ...Nf5 und aus.} 24. Qe6+ (24. Rxf8+ {vereinfacht} Kxf8 25. Nf3 Qg4 26. Qf2) 24... Kh7 {[%emt 0:00:09][%cal Oh5g3] Und jetzt ...Nxg3+! wäre schön.} 25. Nf3 $2 (25. Rxf8 $16 {hält den Druck.} Rxf8 26. Re1) 25... Qg6 (25... Nxg3+ $1 $17 26. hxg3 Qxg3) 26. Qxg6+ Nxg6 27. Nd4 $36 {[%emt 0:00:03][%mdl 2048] Weiss hat starke Initiative.} Kg8 28. Ne6 Rxf1+ 29. Rxf1 Nf6 30. Kg2 {[%emt 0:04:38] Weiß steht aktiver.} ({Viel schlechter ist} 30. Nxc7 $6 Re2 $14) 30... Re7 31. d4 Rd7 32. h3 Ne7 33. Nf4 (33. h4 $18) 33... g5 $2 {[%emt 0:02:44] Führt Schwarz ins Verderben.} (33... Nf5 $16) 34. Ne6 $18 Nexd5 {[%emt 0:00:38] [#]} (34... Kf7 $142 35. c4 Nc8) 35. Nxc7 $1 Rxc7 36. Rxf6 {[%emt 0:00:01] KRB-KRN} Kg7 37. Rxd6 ({Schlechter ist} 37. Bxd5 Kxf6 38. a4 Re7 $17) 37... Ne3+ {[%emt 0:00:02] Weiß steht klar auf Gewinn.} 38. Kf3 Nf1 39. Bd5 Re7 40. Be6 Nd2+ 41. Kg4 {[%emt 0:12:09] Gewichteter Fehlerwert: Weiß=0.22 (präzise) /Schwarz=0.38.  Verlustzug:     	---       	Schwarz=1     Fehler:       	Weiß=3     	Schwarz=3     Ungenau:       	Weiß=1     	Schwarz=2     OK:         	Weiß=15    	Schwarz=9     Bester:       	Weiß=2     	Schwarz=3     Brilliant:      	Weiß=1     	---} 1-0